[Event "Early-Titled-Tuesday-Blitz-July-09-2024"]
[Site "Chess.com"]
[Date "2024.07.09"]
[Round "4"]
[White "GM-2024-GM"]
[Black "JAN2404"]
[Result "0-1"]
[WhiteElo "2311"]
[BlackElo "2072"]
[TimeControl "180+1"]
[EndTime "8:39:33 PDT"]
[Termination "JAN2404 won on time"]

1. e4 c5 2. Nf3 d6 3. d4 cxd4 4. Nxd4 Nf6 5. Nc3 Nc6 6. Bg5 e6 7. Qd2 a6 8. O-O-O Bd7 9. f3 Nxd4 10. Qxd4 Be7 11. Kb1 h6 12. Bxf6 gxf6 13. f4 Qc7 14. Be2 O-O-O 15. Bh5 Rhg8 16. g3 Rg7 17. Ne2 Kb8 18.
Rd3 Bc6 19. Rhd1 Qa5 20. Bf3 d5 21. Qe3 Bb5 22. Rb3 Bc4 23. exd5 Bxb3 24. axb3 Bc5 25. Qe4 Qb6 26. Nc3 Rgg8 27. dxe6 fxe6 0-1

[Event "Early-Titled-Tuesday-Blitz-July-09-2024"]
[Site "Chess.com"]
[Date "2024.07.09"]
[Round "4"]
[White "CristhianPortalR"]
[Black "C_K_G"]
[Result "1-0"]
[WhiteElo "2505"]
[BlackElo "2231"]
[TimeControl "180+1"]
[EndTime "8:39:36 PDT"]
[Termination "CristhianPortalR won on time"]

1. e4 c5 2. Nf3 d6 3. d4 cxd4 4. Nxd4 Nf6 5. Nc3 a6 6. Bg5 e6 7.
f4 Be7 8. Qf3 Qc7 9. O-O-O Nbd7 10. g4 b5 11. Bxf6 Nxf6 12. g5 Nd7 13. f5 Ne5 14.
Qg3 b4 15. Nce2 exf5 16. exf5 Bb7 17. Bg2 Bxg2 18. Qxg2 Rc8 19. Nf4 Qc4 20. Kb1 a5 21. Nd5 Bd8 22. f6 g6 23. h4 a4 24. h5 gxh5 25.
Nf5 Qc5 26. Nde7 Bxe7 27. fxe7 Nc4 28. Qe4 Rg8 29. Rhe1 1-0

[Event "Early-Titled-Tuesday-Blitz-July-09-2024"]
[Site "Chess.com"]
[Date "2024.07.09"]
[Round "4"]
[White "AlexZambrano"]
[Black "vladgoncharov"]
[Result "1/2-1/2"]
[WhiteElo "2451"]
[BlackElo "2640"]
[TimeControl "180+1"]
[EndTime "8:39:37 PDT"]
[Termination "Game drawn by repetition"]

1. e4 e6 2. Nf3 d5 3. Nc3 Nf6 4. e5 Nfd7 5. d4 c5 6. dxc5 Nc6 7. Bf4 Bxc5 8. Bd3 h6 9. O-O g5 10. Bg3 g4 11. Nh4 h5 12. Nf5 Ndxe5 13. Bb5 Bd7 14.
Nxd5 exf5 15. Bxc6 Nxc6 16. Nc7+ Ke7 17. Nxa8 Qxa8 18.
Bh4+ Ke8 19. Qd5 Be7 20. Rfe1 Be6 21. Rxe6 fxe6 22. Qxe6 Qd8 23. Re1 Rf8 24. h3 gxh3 25.
Qg6+ Rf7 26. Qg8+ Rf8 27. Qg6+ Kd7 28. Rd1+ Kc8 29. Rxd8+ Bxd8 30. Qe6+ Kc7 31. Bg3+ Kb6 32. Bd6 Rf6 33. Qb3+ Ka6 34. Qa4+ Kb6 35. Qb3+ Ka6 36. Qa4+ Kb6 37. Qb3+ 1/2-1/2

[Event "Early-Titled-Tuesday-Blitz-July-09-2024"]
[Site "Chess.com"]
[Date "2024.07.09"]
[Round "4"]
[White "glucolisis04"]
[Black "GMT4114"]
[Result "1-0"]
[WhiteElo "2294"]
[BlackElo "1931"]
[TimeControl "180+1"]
[EndTime "8:39:37 PDT"]
[Termination "glucolisis04 won on time"]

1. d4 e6 2. c4 f5 3. Nc3 Nf6 4. Bf4 Bb4 5. Qc2 b6 6. e3 Bb7 7. Nf3 O-O 8. Bd3 d6 9. a3 Bxc3+ 10. Qxc3 Nbd7 11. O-O Qe8 12. Bg3 Ne4 13. Qc2 Ndf6 14. b4 Qe7 15. a4 a5 16. b5 Rae8 17. Rac1 h5 18. Bh4 Qf7 19. Ng5 Nxg5 20. Bxg5 Qg6 21.
f4 h4 22. Bxh4 Ng4 23. Rce1 Qh5 24. Bg3 g5 25. e4 Re7 26. exf5 Rh7 27. h3 gxf4 28.
Rxf4 Nf6 29. fxe6 Qg5 30. Bxh7+ Nxh7 31. Rxf8+ Kxf8 32. Qxh7 1-0

[Event "Early-Titled-Tuesday-Blitz-July-09-2024"]
[Site "Chess.com"]
[Date "2024.07.09"]
[Round "4"]
[White "YaWaleriy"]
[Black "YairParkhov"]
[Result "0-1"]
[WhiteElo "2422"]
[BlackElo "2755"]
[TimeControl "180+1"]
[EndTime "8:39:38 PDT"]
[Termination "YairParkhov won on time"]

1. d4 Nf6 2. Nf3 d5 3. c4 e6 4. Nc3 Ne4 5. e3 c6 6. Bd3 f5 7.
O-O Nd7 8. Qc2 Bd6 9. b3 O-O 10. a4 Qe7 11. Nb1 b6 12. Ba3 c5 13. cxd5 exd5 14. Nc3 Bb7 15. Nb5 Bb8 16. dxc5 bxc5 17.
Rac1 f4 18. exf4 Rxf4 19. Bxe4 dxe4 20. Nd2 Rh4 21. Qc4+ Kh8 22. g3 Rh5 23. Rfe1 a6 24. Nd4 Ne5 25. Qe2 Bd6 26. Nxe4 Rf8 27. Nxd6 Qxd6 28.
Qxh5 Qxd4 29. Re3 Qd5 0-1

[Event "Early-Titled-Tuesday-Blitz-July-09-2024"]
[Site "Chess.com"]
[Date "2024.07.09"]
[Round "4"]
[White "BobbyFischer1508"]
[Black "vikber19611"]
[Result "1-0"]
[WhiteElo "2442"]
[BlackElo "1664"]
[TimeControl "180+1"]
[EndTime "8:39:38 PDT"]
[Termination "BobbyFischer1508 won on time"]

1. b3 e5 2. Bb2 f6 3. d4 exd4 4. Qxd4 Nc6 5. Qd2 d5 6. Nc3 Be6 7. e3 Bc5 8. O-O-O Nge7 9. Nge2 O-O 10. Nf4 Bf7 11. Ncxd5 Nxd5 12. Nxd5 Re8 13. Be2 Ne7 14.
Nxe7+ Qxe7 15. Bf3 c6 16. Qd7 Rac8 17. Qxe7 Rxe7 18.
Rd2 Kf8 19. Rhd1 Ke8 20. Bg4 Be6 21. Bxe6 Rxe6 22. Rd7 Re7 23. Rxe7+ Kxe7 24. Rd3 Rd8 25. Rxd8 Kxd8 26. Kd2 Kd7 27. Ke2 Ke6 28. e4 Bd6 29. h3 Bc5 30. f4 b5 31. Kf3 Bb6 32. g4 Bc7 33. f5+ Ke7 34. g5 Kf7 35. h4 Ke7 36. Kg4 Kf7 37. h5 Bd6 38. g6+ hxg6 39. hxg6+ Kf8 40. Kf3 Bc5 41. e5 1-0

[Event "Early-Titled-Tuesday-Blitz-July-09-2024"]
[Site "Chess.com"]
[Date "2024.07.09"]
[Round "4"]
[White "Karttunen"]
[Black "Dreamer_01"]
[Result "1-0"]
[WhiteElo "2685"]
[BlackElo "2449"]
[TimeControl "180+1"]
[EndTime "8:39:39 PDT"]
[Termination "Karttunen won by resignation"]

1. e4 e6 2. d4 d5 3. Nc3 dxe4 4. Nxe4 Nd7 5. Nf3 Ngf6 6. Nxf6+ Nxf6 7. c3 c5 8. Ne5 cxd4 9. Qa4+ Bd7 10. Qxd4 Bc6 11. Nxc6 bxc6 12. Qxd8+ Rxd8 13. Be3 a5 14. Be2 Nd5 15.
Bd2 Bc5 16. Rf1 Ke7 17. O-O-O a4 18. a3 Rb8 19. c4 Nf6 20. Bf3 Rb6 21. Bc3 Rhb8 22.
Kc2 Ne8 23. Rd2 Nd6 24. Rfd1 Nxc4 25. Rd7+ Ke8 26. Bh5 g6 27. Be2 Nxb2 28. R1d2 Be7 29. Rc7 Rb3 30. Rdd7 Rxc3+ 31. Kxc3 Bf6+ 32. Kc2 Be5 33. Rb7 Rxb7 34. Rxb7 c5 35. Rxb2 1-0

[Event "Early-Titled-Tuesday-Blitz-July-09-2024"]
[Site "Chess.com"]
[Date "2024.07.09"]
[Round "4"]
[White "Witik"]
[Black "elis06"]
[Result "1-0"]
[WhiteElo "2682"]
[BlackElo "2419"]
[TimeControl "180+1"]
[EndTime "8:39:39 PDT"]
[Termination "Witik won by checkmate"]

1. d4 d5 2. Bf4 Nf6 3. e3 c5 4. c3 cxd4 5. cxd4 Nc6 6. Nc3 Bg4 7.
Qb3 Qd7 8. h3 Bh5 9. g4 Bg6 10.
Nf3 e6 11. Ne5 Qc8 12. h4 Bb4 13. f3 Bxc3+ 14. bxc3 h5 15. Nxg6 fxg6 16. Bd3 Kf7 17. g5 Nd7 18. e4 Ne7 19. O-O a6 20. c4 e5 21. cxd5 exf4 22. d6+ Ke8 23. Qe6 Qd8 24.
Bc4 Rf8 25. dxe7 Qxe7 26. Qxg6+ Kd8 27. Bd5 Rb8 28. Rac1 b5 29. e5 Qb4 30. Rfd1 Qa3 31.
Qd3 Qe7 32. Rc6 Nb6 33. Rd6+ Ke8 34. Qg6+ Rf7 35. Bxf7+ Qxf7 36. Rxb6 Qxg6 37. Rxg6 Kf7 38. Rxa6 b4 39. d5 b3 40. Ra7+ Kf8 41. axb3 Rxb3 42.
d6 Rxf3 43. Ra8+ Kf7 44. d7 Rg3+ 45. Kf2 Ke6 46. d8=Q Kxe5 47. Qd5# 1-0

[Event "Early-Titled-Tuesday-Blitz-July-09-2024"]
[Site "Chess.com"]
[Date "2024.07.09"]
[Round "4"]
[White "FrenchPlayer2203"]
[Black "ProphetReborn"]
[Result "0-1"]
[WhiteElo "2275"]
[BlackElo "2974"]
[TimeControl "180+1"]
[EndTime "8:39:39 PDT"]
[Termination "ProphetReborn won on time"]

1. d4 Nf6 2. c4 e6 3. Nf3 d5 4. Nc3 c6 5. e3 Nbd7 6. Be2 Bd6 7. O-O O-O 8. b3 Qe7 9. Bb2 b6 10. Bd3 Bb7 11. Rc1 dxc4 12. bxc4 c5 13. d5 exd5 14.
cxd5 Ne5 15. Nxe5 Qxe5 16. g3 Nxd5 17. Nxd5 Qxd5 18. e4 Qxa2 19. Qc2 Qe6 20. Rce1 Be5 21. Bc1 Rad8 22. Bc4 Qe7 23. Qb3 g6 24. Bh6 Bg7 25. Bxg7 Kxg7 26. Rd1 Qxe4 27. f3 Qe5 28. Rxd8 Rxd8 29.
Bxf7 Rd2 30. Bg8 Kh6 31. Qf7 Qe3+ 32. Kh1 Bxf3+ 33. Qxf3 Qxf3+ 34. Rxf3 Kg7 35. Bc4 Rd7 36. Ra3 a5 37. Kg2 Rd4 38. Bf1 a4 39. Ra1 Rb4 40. Rc1 a3 0-1

[Event "Early-Titled-Tuesday-Blitz-July-09-2024"]
[Site "Chess.com"]
[Date "2024.07.09"]
[Round "4"]
[White "AA95"]
[Black "johnmez"]
[Result "1-0"]
[WhiteElo "2513"]
[BlackElo "2239"]
[TimeControl "180+1"]
[EndTime "8:39:39 PDT"]
[Termination "AA95 won on time"]

1. Nf3 Nf6 2. g3 d5 3. Bg2 g6 4. O-O Bg7 5. b3 O-O 6. Bb2 c6 7. d4 Nbd7 8. c4 e6 9. Nbd2 b5 10. cxb5 cxb5 11. Rc1 Bb7 12. a4 a6 13. Ba3 Re8 14. Bb4 a5 15. Bd6 Qb6 16. Bc7 Qa6 17.
Re1 Rac8 18. Qc2 bxa4 19. bxa4 Nb6 20. Qb3 Na8 21. Be5 Nd7 22. Bxg7 Kxg7 23. e3 Qb6 24.
Bf1 Rxc1 25. Rxc1 Rc8 26. Rxc8 Bxc8 27. Bb5 Qc7 28. Kg2 Nab6 29. Bd3 Bb7 30. Qb5 Bc6 31.
Qxa5 Bxa4 32. h4 Bc6 33. h5 Qd6 34. Qc3 Nc8 35. Nb3 Ne7 36. Na5 Ba8 37. Bb5 1-0

[Event "Early-Titled-Tuesday-Blitz-July-09-2024"]
[Site "Chess.com"]
[Date "2024.07.09"]
[Round "4"]
[White "Aygehovit1992"]
[Black "rdarruda"]
[Result "0-1"]
[WhiteElo "2762"]
[BlackElo "2570"]
[TimeControl "180+1"]
[EndTime "8:39:40 PDT"]
[Termination "rdarruda won on time"]

1. e4 c5 2. Nc3 e6 3. d4 cxd4 4. Qxd4 Nc6 5. Qe3 d6 6. Bd2 Nf6 7. O-O-O a6 8. h3 Be7 9. f4 Qc7 10. Nf3 b5 11. g4 Bb7 12. g5 Nd7 13. Nd5 exd5 14. exd5 Nd8 15. Re1 Nc5 16. Ba5 Qd7 17. Bc3 Bxd5 18. Bxg7 Rg8 19. Bf6 Nc6 20. Bxe7 Nxe7 21.
Bg2 Kf8 22. Qd4 Re8 23. Rxe7 Rxe7 24. Qxd5 Re2 25. Nd4 Rf2 26. Nf5 Rxf4 27. Nxd6 Ne6 28. h4 Rd4 29. Qa8+ Qd8 30. Qxd8+ Nxd8 31. Nf5 Rf4 32. Bh3 Rg6 33. Rd1 Nc6 34. Rd7 Re6 35. b3 Rf3 36. Bg4 Rf4 37. Bh3 Ne5 38. Rd8+ Re8 39. Rd6 Rf3 0-1

[Event "Early-Titled-Tuesday-Blitz-July-09-2024"]
[Site "Chess.com"]
[Date "2024.07.09"]
[Round "4"]
[White "Djager97"]
[Black "Rud_Makarian"]
[Result "0-1"]
[WhiteElo "2613"]
[BlackElo "3004"]
[TimeControl "180+1"]
[EndTime "8:39:42 PDT"]
[Termination "Rud_Makarian won on time"]

1. e4 c5 2. Nf3 d6 3. d4 cxd4 4.
Nxd4 Nf6 5. Nc3 Nc6 6. Bg5 Bd7 7. Bxf6 gxf6 8. Nb3 e6 9. Qh5 a6 10. O-O-O b5 11.
Bd3 b4 12. Ne2 Qb6 13. f4 a5 14. Kb1 a4 15. Nd2 Qa5 16. f5 Ne5 17. fxe6 Bxe6 18. Nd4 Nxd3 19. Qxa5 Rxa5 20. cxd3 Bh6 21. N2f3 Kd7 22. Nh4 Rc8 23. Nhf5 Bf4 24. g3 Be5 25. Rc1 Rac5 26. Rxc5 dxc5 27. Nf3 a3 28. Nxe5+ fxe5 29. Rf1 axb2 30. Ne3 Ra8 31. Nc4 Bxc4 32. dxc4 Ke6 33.
Rd1 Ra3 34. Rd5 Re3 35. Rxc5 Rxe4 36. Kxb2 Re2+ 37. Kb3 Rxh2 38. Rc8 Rg2 39. c5 Rxg3+ 40. Kxb4 Rg1 41. c6 Rc1 42. Kb5 f5 43. Kb6 f4 44. c7 f3 45. Re8+ Kf7 46. c8=Q Rxc8 47. Rxc8 f2 48. Rc1 e4 49. a4 e3 50. Rf1 Ke6 51. a5 e2 52. Rxf2 e1=Q 53. Rb2 Qe3+ 54. Kb5 Qd3+ 55. Kb4 Qd4+ 56. Ka3 Qc3+ 0-1

[Event "Early-Titled-Tuesday-Blitz-July-09-2024"]
[Site "Chess.com"]
[Date "2024.07.09"]
[Round "4"]
[White "Aryan_Tamadon"]
[Black "evgchess5"]
[Result "0-1"]
[WhiteElo "2587"]
[BlackElo "2861"]
[TimeControl "180+1"]
[EndTime "8:39:42 PDT"]
[Termination "evgchess5 won by checkmate"]

1. Nf3 c5 2. g3 Nc6 3. Bg2 g6 4. O-O Bg7 5. e3 d5 6. c4 e6 7. cxd5 exd5 8. d4 cxd4 9. Nxd4 Nge7 10. Nc3 O-O 11. b3 Nxd4 12. exd4 Be6 13. Bg5 Re8 14.
Qd2 Qd7 15. Bxe7 Rxe7 16. Rac1 Ree8 17. Rfd1 Rac8 18. Qg5 h6 19. Qf4 Red8 20. Na4 b6 21. Bf1 g5 22. Qd2 Qd6 23. Ba6 Rc7 24. Rxc7 Qxc7 25.
Rc1 Qe7 26. Qe3 Qb4 27. Qc3 Qxd4 28. Qc7 Bf6 29. Qxa7 Qd2 30. Rf1 Bh3 31. Qxb6 Kg7 32. Nc5 Bxf1 33. Bxf1 Bd4 34. Ne6+ fxe6 35. Qc7+ Kg6 36.
Bd3+ Qxd3 37. Qxd8 Qb1+ 38. Kg2 Qe4+ 39. Kg1 Qe1+ 40.
Kg2 Qxf2+ 41. Kh3 Qf1+ 42. Kg4 h5# 0-1

[Event "Early-Titled-Tuesday-Blitz-July-09-2024"]
[Site "Chess.com"]
[Date "2024.07.09"]
[Round "4"]
[White "mind1mover"]
[Black "AmbartsumianTyhran2012"]
[Result "1-0"]
[WhiteElo "2812"]
[BlackElo "2565"]
[TimeControl "180+1"]
[EndTime "8:39:43 PDT"]
[Termination "mind1mover won by resignation"]

1. c4 Nf6 2. Nc3 g6 3. e4 d6 4. d4 Bg7 5. Be2 O-O 6. Be3 c5 7. d5 e6 8. Nf3 exd5 9. cxd5 Bg4 10. Nd2 Bxe2 11. Qxe2 Re8 12. O-O Na6 13. f3 Nc7 14.
Qd3 Rb8 15. a4 b6 16. Nc4 Re7 17. e5 dxe5 18. d6 Ne6 19. Nxe5 Rd7 20. Nxd7 Qxd7 21.
Rad1 Ne8 22. Qb5 Rd8 23. Qxd7 Rxd7 24. Nb5 a6 25. Nc7 N8xc7 26. dxc7 Rxc7 27. b3 Nd4 28. Rd3 h5 29. Kf2 Nf5 30. Bf4 Rc8 31. g4 hxg4 32. fxg4 Nd4 33. Re1 Ne6 34. Bg3 Bd4+ 35. Kg2 b5 36.
axb5 axb5 37. Rdd1 Bf6 38. Rf1 Kg7 39. Rd7 Rd8 40. Rb7 Rd2+ 41. Kh1 c4 42. h4 cxb3 43. g5 Bxg5 44. hxg5 Nxg5 45. Be5+ Kh6 46. Bf4 Rc2 47. Rxb5 f6 48. Bxg5+ fxg5 49. Rxb3 1-0

[Event "Early-Titled-Tuesday-Blitz-July-09-2024"]
[Site "Chess.com"]
[Date "2024.07.09"]
[Round "4"]
[White "boguszp"]
[Black "Adrian-thorsen"]
[Result "0-1"]
[WhiteElo "1949"]
[BlackElo "2320"]
[TimeControl "180+1"]
[EndTime "8:39:43 PDT"]
[Termination "Adrian-thorsen won on time"]

1. d4 Nf6 2. Nf3 e6 3. c4 c5 4.
e3 d5 5. Be2 cxd4 6. exd4 Bb4+ 7. Bd2 Bxd2+ 8. Nbxd2 O-O 9. O-O dxc4 10. Nxc4 Nc6 11.
Nce5 Nxe5 12. dxe5 Nd5 13. Bc4 Nb6 14. Bb3 Bd7 15. Qe2 Bc6 16. Rfd1 Qe7 17. Rd2 a5 18. a3 a4 19. Ba2 Nd5 20. Rad1 Qc7 21. Nd4 Qb6 22. Nxc6 bxc6 23. Bxd5 cxd5 24. Rc2 Rfb8 25.
Rdc1 h6 26. Qd2 Qd8 27. f4 Rb3 28. Rc3 Rab8 29. Rxb3 Rxb3 30. h3 Qb6+ 31. Kh2 Rxb2 32. Rc8+ Kh7 33. Qd3+ g6 34. Rf8 Kg7 35. Ra8 Qf2 36.
Qg3 Qxg3+ 37. Kxg3 Rb3+ 38. Kf2 Rxa3 39. g3 Ra2+ 40. Kf3 g5 41. Ra7 Kg6 42. h4 gxh4 43. gxh4 a3 44. h5+ Kg7 45. Ke3 Ra1 46. Kf2 a2 47.
Kg2 Kf8 48. Kh2 Ke8 49. Kg2 Kd8 50. Kg3 Kc8 51. Kg2 Kb8 52. Ra3 Kb7 53. Kh2 Kb6 0-1

[Event "Early-Titled-Tuesday-Blitz-July-09-2024"]
[Site "Chess.com"]
[Date "2024.07.09"]
[Round "4"]
[White "theoneandonlydaaevik"]
[Black "Vladimir_Zakhartsov"]
[Result "0-1"]
[WhiteElo "2633"]
[BlackElo "2885"]
[TimeControl "180+1"]
[EndTime "8:39:44 PDT"]
[Termination "Vladimir_Zakhartsov won by resignation"]

1. d4 Nf6 2. Nf3 c5 3. e3 d5 4. b3 cxd4 5. Nxd4 e5 6. Nf3 Bb4+ 7.
c3 Bd6 8. Bb2 O-O 9. Be2 Nc6 10.
O-O Qe7 11. c4 dxc4 12. Bxc4 Bg4 13. h3 Bh5 14. Be2 Rad8 15. Nc3 e4 16. Nd4 Nxd4 17. exd4 Bg6 18. Qd2 Bb8 19. Qe3 Qd6 20. g3 Qxd4 21. Qxd4 Rxd4 22. Rfd1 Rxd1+ 23. Rxd1 e3 24. Bf3 exf2+ 25.
Kxf2 b6 26. Nd5 Nxd5 27. Bxd5 Bd6 28. Rd2 Rd8 29. Kg2 Kf8 30. Bf3 Be7 31. Rxd8+ Bxd8 32. Be5 a5 33. Bd5 f6 34. Bd6+ Be7 35. Bc7 Bc5 36. Kf3 Ke7 37. a4 Bc2 38. h4 Bd1+ 39. Kg2 Kd7 40.
Bf4 Bc2 41. h5 Bf5 42. Kf3 g5 43. hxg6 hxg6 44. Bf7 Be6 45. Bxe6+ Kxe6 46. Ke4 f5+ 47. Kd3 Bd6 48. Kd4 Bxf4 49. gxf4 Kf6 50. Kd5 g5 51. fxg5+ Kxg5 52. Kc6 f4 53. Kxb6 f3 54. Kxa5 f2 55.
Kb6 f1=Q 56. a5 Qf6+ 57. Kb7 Qf7+ 58. Kc6 Qxb3 59. a6 Qc4+ 60. Kb7 Qb5+ 61. Ka7 Kf6 62. Ka8 Qxa6+ 63. Kb8 Qc6 64. Ka7 Qb5 65. Ka8 Ke7 0-1

[Event "Early-Titled-Tuesday-Blitz-July-09-2024"]
[Site "Chess.com"]
[Date "2024.07.09"]
[Round "4"]
[White "Millerkallpa"]
[Black "FloMasterAAK"]
[Result "0-1"]
[WhiteElo "2248"]
[BlackElo "2574"]
[TimeControl "180+1"]
[EndTime "8:39:44 PDT"]
[Termination "FloMasterAAK won on time"]

1. e4 c5 2. Nf3 e6 3. d4 cxd4 4. Nxd4 Nc6 5. Be3 Nf6 6. Bd3 Qc7 7. O-O h5 8. h3 a6 9. Nc3 b5 10. Re1 Bb7 11. a3 Rc8 12. Nb3 Ne5 13. Bd4 Be7 14.
Qd2 d6 15. f4 Nc4 16. Bxc4 bxc4 17. Nc1 Kf8 18. e5 dxe5 19. Bxe5 Qc5+ 20. Bd4 Qf5 21.
N1e2 h4 22. Be5 Rd8 23. Nd4 Qg6 24. Rad1 Rh5 25. Qf2 Kg8 26. Nf3 Rxd1 27. Rxd1 Ne4 28. Nxe4 Bxe4 29. Rd7 Bc5 30. Qxc5 Bxf3 31. Rd2 Bd5 32.
Qc8+ Kh7 33. Qxa6 Qe4 34. Bc3 Rh6 35. Qc8 Rg6 36. Kf1 Qxf4+ 37. Ke1 Bxg2 38. Rd8 Qf1+ 39. Kd2 Qf2+ 40. Kd1 Bf3+ 41. Kc1 Rg1+ 0-1

[Event "Early-Titled-Tuesday-Blitz-July-09-2024"]
[Site "Chess.com"]
[Date "2024.07.09"]
[Round "4"]
[White "Massakru"]
[Black "GrotBchess"]
[Result "0-1"]
[WhiteElo "2389"]
[BlackElo "2596"]
[TimeControl "180+1"]
[EndTime "8:39:46 PDT"]
[Termination "GrotBchess won on time"]

1. e4 e5 2. Nf3 Nc6 3. d4 exd4 4. Nxd4 Nf6 5. Nxc6 bxc6 6. e5 Nd5 7. c4 Nb6 8. Nc3 Ba6 9. c5 Bxf1 10. Kxf1 Bxc5 11.
Qg4 Kf8 12. h4 h5 13. Qf5 Qe7 14. Ne4 Bd4 15. Bf4 Qe6 16. Qg5 Nd5 17. Bg3 Re8 18.
Re1 Bxb2 19. Qd2 Ba3 20. Rh3 Bb4 21. Qd1 Bxe1 22. Qxe1 Rh6 23. Qa5 Rg6 24. Qxa7 Nf4 25. Qc5+ Kg8 26. Bxf4 Qg4 27. Rf3 Qxg2+ 28. Ke2 Rge6 29.
Ng5 R6e7 30. Bg3 d6 31. Qxc6 dxe5 32. Qe4 g6 33. Rc3 Qxe4+ 34. Nxe4 Kg7 35. Ng5 f5 0-1

[Event "Early-Titled-Tuesday-Blitz-July-09-2024"]
[Site "Chess.com"]
[Date "2024.07.09"]
[Round "4"]
[White "MikeWizard"]
[Black "kyawmyataung2005"]
[Result "1-0"]
[WhiteElo "2085"]
[BlackElo "2330"]
[TimeControl "180+1"]
[EndTime "8:39:46 PDT"]
[Termination "MikeWizard won on time"]

1. d4 Nf6 2. c4 e6 3. Nf3 d5 4. g3 Bb4+ 5. Bd2 Bxd2+ 6. Qxd2 O-O 7. Nc3 dxc4 8. e3 c5 9. Bxc4 cxd4 10. Qxd4 Qe7 11. O-O Nc6 12. Qh4 a6 13. Rac1 b5 14. Bd3 Bb7 15. Ne4 Nxe4 16. Bxe4 Qxh4 17. Nxh4 Rac8 18.
Rfd1 Na5 19. Bxb7 Nxb7 20. Rxc8 Rxc8 21. Rd7 Nc5 22. Ra7 b4 23. Nf3 f6 24. Nd4 Kf8 25. Kg2 Rd8 26. Rc7 Rd5 27. h4 h5 28.
Nc6 Nd3 29. Ra7 Nxb2 30. Nxb4 Ra5 31. Rxa6 Rxa6 32. Nxa6 Ke7 33. Nc5 Kd6 34. Nb3 Kd5 35. Kf3 Kc4 36. g4 hxg4+ 37. Kxg4 Nd3 38. Kf3 Nb4 39. Nd4 Kd5 40. a3 Nd3 41. a4 Ne5+ 42. Ke2 Nc4 43. h5 f5 44. Nb5 Kc5 45. Kd3 Nb2+ 46.
Ke2 Nxa4 47. Nc7 Kd6 48. Ne8+ Ke7 49. Nxg7 Kf7 50. h6 Nc3+ 51. Kd3 Nd5 52. Nxe6 1-0

[Event "Early-Titled-Tuesday-Blitz-July-09-2024"]
[Site "Chess.com"]
[Date "2024.07.09"]
[Round "4"]
[White "english_player_89"]
[Black "stepanosinovsky"]
[Result "1-0"]
[WhiteElo "2530"]
[BlackElo "2347"]
[TimeControl "180+1"]
[EndTime "8:39:47 PDT"]
[Termination "english_player_89 won on time"]

1. e4 e5 2. Nf3 Nc6 3. Bc4 Nf6 4. d3 Be7 5. Bb3 d5 6. exd5 Nxd5 7. O-O O-O 8. h3 a5 9. a3 Kh8 10. Re1 f6 11. Nbd2 Bf5 12. Ne4 Qd7 13. Nh4 Be6 14.
Ng3 Nd4 15. Ba2 Rad8 16. Bd2 Bc5 17. Ne4 Bb6 18. Rc1 Bxh3 19. Bxd5 Bg4 20. Nf3 Qxd5 21.
Be3 Bxf3 22. gxf3 Qd7 23. c3 Ne6 24. Kf1 Nf4 25. Bxf4 Qh3+ 26. Ke2 exf4 27. Rh1 Qe6 28. Kd2 Kg8 29. Kc2 h6 30. Qg1 f5 31. Nd2 Qe2 32. Qf1 Qxf2 33. Qh3 Be3 34. Rcd1 Rxd3 35. Kxd3 Rd8+ 36.
Kc4 Rxd2 37. Rxd2 1-0

[Event "Early-Titled-Tuesday-Blitz-July-09-2024"]
[Site "Chess.com"]
[Date "2024.07.09"]
[Round "4"]
[White "snowlord"]
[Black "xakevicius91"]
[Result "1-0"]
[WhiteElo "2916"]
[BlackElo "2598"]
[TimeControl "180+1"]
[EndTime "8:39:48 PDT"]
[Termination "snowlord won on time"]

1. e4 c5 2. Ne2 e6 3. Nbc3 Nc6 4. g3 d5 5. d3 Nf6 6. Bg2 d4 7. Nb1 e5 8. a4 h5 9. h3 Be6 10. f4 exf4 11. gxf4 Be7 12. Nd2 h4 13. Nf3 Nh5 14. f5 Bd7 15. Nf4 Ng3 16. Rg1 Bd6 17. c3 Ne5 18. Nd5 Bc6 19. cxd4 Nxf3+ 20. Bxf3 Bxd5 21. exd5 cxd4 22. Be4 Qe7 23. Qg4 Bb4+ 24. Kd1 Bd6 25. Bf3 Be5 26. Re1 f6 27. d6 Qf7 28. Ra3 O-O-O 29.
Bf4 Rhe8 30. Bxe5 Rxe5 31. Rxe5 fxe5 32. f6+ Rd7 33. fxg7 Qxg7 34. Rb3 b6 35. a5 Qf7 36. Kc2 Nf1 37. Qe4 Ne3+ 38. Kb1 1-0

[Event "Early-Titled-Tuesday-Blitz-July-09-2024"]
[Site "Chess.com"]
[Date "2024.07.09"]
[Round "4"]
[White "Barbix1"]
[Black "ncofre98"]
[Result "0-1"]
[WhiteElo "2356"]
[BlackElo "2541"]
[TimeControl "180+1"]
[EndTime "8:39:48 PDT"]
[Termination "ncofre98 won on time"]

1. d4 Nf6 2. c4 c5 3. d5 e6 4. Nf3 exd5 5. cxd5 d6 6. Nc3 g6 7.
Nd2 Bg7 8. e4 O-O 9. Be2 Re8 10.
O-O Na6 11. f3 Nc7 12. a4 b6 13. Nc4 Ba6 14. Bf4 Bxc4 15. Bxc4 a6 16. Qd2 Qd7 17.
Qe2 Nh5 18. Bd2 f5 19. Kh1 f4 20. Rfd1 Be5 21. Qf1 Qe7 22. Qe1 Qg5 23. Ra2 Ng3+ 24.
hxg3 Qh5+ 25. Kg1 Bd4+ 26. Kf1 Qh1+ 27. Ke2 Qxg2+ 28. Kd3 Qxf3+ 29. Kc2 fxg3 30. Qe2 Qf6 31. Be3 Rf8 32. Raa1 Be5 33. Rg1 Qf3 34. Bh6 Qxe2+ 35. Nxe2 Rf2 36. Raf1 b5 0-1

[Event "Early-Titled-Tuesday-Blitz-July-09-2024"]
[Site "Chess.com"]
[Date "2024.07.09"]
[Round "4"]
[White "RantomOpening"]
[Black "Nbk90"]
[Result "0-1"]
[WhiteElo "2567"]
[BlackElo "2273"]
[TimeControl "180+1"]
[EndTime "8:39:48 PDT"]
[Termination "Nbk90 won by checkmate"]

1. e4 e6 2. d4 d5 3. Nc3 Bb4 4.
e5 c5 5. a3 Bxc3+ 6. bxc3 Ne7 7. a4 Nbc6 8. Nf3 Qa5 9. Bd2 Bd7 10. Bd3 h6 11. O-O Qc7 12. Re1 O-O 13. Bc1 cxd4 14.
cxd4 Nb4 15. Ba3 Nxd3 16. Qxd3 Rfe8 17. Rec1 Qc4 18. Nd2 Qxd3 19. cxd3 Nc6 20. Nb3 b6 21. a5 Rec8 22. axb6 axb6 23. Bd6 Na5 24. Nxa5 Rxc1+ 25. Rxc1 Rxa5 26. Bc7 Rb5 27. Kf1 Rb3 28. Bd8 Bb5 29.
Rc8 Bxd3+ 30. Ke1 Kh7 31. Rb8 b5 32. Rb7 Kg6 33. h4 h5 34. f3 Bf5 35. Kf2 Rb2+ 36.
Kg3 b4 37. Kf4 b3 38. g4 hxg4 39. fxg4 Be4 40. h5+ Kh7 41. Ke3 Rg2 42. g5 b2 43.
Rxf7 b1=Q 44. g6+ Bxg6 45. hxg6+ Qxg6 46. Rf8 Qe4# 0-1

[Event "Early-Titled-Tuesday-Blitz-July-09-2024"]
[Site "Chess.com"]
[Date "2024.07.09"]
[Round "4"]
[White "Sic_Transit_GM"]
[Black "Seochesspie"]
[Result "0-1"]
[WhiteElo "2588"]
[BlackElo "2871"]
[TimeControl "180+1"]
[EndTime "8:39:49 PDT"]
[Termination "Seochesspie won by resignation"]

1. Nf3 d5 2. e3 g6 3. c4 e6 4. b3 Bg7 5. Nc3 Ne7 6. Bb2 O-O 7. h4 h6 8. Qb1 c5 9. cxd5 exd5 10.
Na4 Bf5 11. d3 Bxb2 12. Qxb2 Nd7 13. Be2 b5 14. Nc3 a6 15. e4 dxe4 16. dxe4 Be6 17. Rd1 Qc7 18. h5 g5 19. e5 Nc6 20. Ne4 Ndxe5 21. Nf6+ Kg7 22. Nd5 Bxd5 23. Rxd5 f6 24. Rxc5 Nxf3+ 25. gxf3 Qd6 26. Qc2 Ne5 27. f4 gxf4 28.
Rc7+ Rf7 29. Rg1+ Kf8 30. Rxf7+ Nxf7 31. Qh7 Rd8 32. Rg8+ Ke7 33. Rg7 Qd5 34. f3 Qxh5 35. Qe4+ Kf8 36. Qh7 Qd5 37. Qg8+ Ke7 38. Qh7 h5 39.
Qg6 h4 40. Kf1 h3 41. a4 Rh8 42. Rxf7+ Qxf7 43. Qe4+ Kf8 44. axb5 h2 0-1

[Event "Early-Titled-Tuesday-Blitz-July-09-2024"]
[Site "Chess.com"]
[Date "2024.07.09"]
[Round "4"]
[White "LikeWater"]
[Black "zacachess"]
[Result "1/2-1/2"]
[WhiteElo "2693"]
[BlackElo "2481"]
[TimeControl "180+1"]
[EndTime "8:39:50 PDT"]
[Termination "Game drawn by repetition"]

1. e4 c5 2. Nf3 d6 3. d4 cxd4 4. Nxd4 Nf6 5. Nc3 Nc6 6. Bc4 Qb6 7. Nb3 e6 8. Be3 Qc7 9. Qe2 a6 10. g4 Ne5 11. Bd3 Nexg4 12. O-O-O Nxe3 13. Qxe3 Bd7 14. f4 Bc6 15. Rhg1 O-O-O 16. Kb1 g6 17. Nd2 d5 18.
Qd4 Bg7 19. exd5 Bxd5 20. Nxd5 Rxd5 21. Qb4 Qc5 22. Qb3 Rhd8 23. Nc4 Kb8 24. Ne5 R8d6 25. c3 Rb6 26. Qc2 Qc7 27. Bc4 Rdd6 28. Bb3 Nh5 29.
Nc4 Rxd1+ 30. Rxd1 Rc6 31. Qe4 Qxf4 32. Rd8+ Kc7 33.
Qd3 Qf5 34. Rd7+ Kb8 35. Qxf5 exf5 36. Nd6 Rc7 37. Rd8+ Ka7 38. Nc8+ Kb8 39. Nd6+ Ka7 40. Nc8+ Kb8 41. Nd6+ 1/2-1/2